 Dungeon Crawl Stone Soup version 0.21.0-3-g78d12a8 (webtiles) character file.

408376 shenanigans the Pyromancer (level 23, -1/177 HPs)
             Began as a Barachi Monk on Jan 11, 2018.
             Was the Champion of Cheibriados.
             Killed from afar by a frost giant (25 damage)
             ... with a bolt of cold
             ... on level 3 of the Depths on Jan 12, 2018.
             The game lasted 02:53:48 (47630 turns).

shenanigans the Pyromancer (Barachi Monk)          Turns: 47630, Time: 02:53:48

Health: -1/177     AC: 32    Str: 35    XL:     23   Next: 45%
Magic:  57/57      EV: 25    Int: 36    God:    Cheibriados [******]
Gold:   1579       SH: 25    Dex: 29    Spells: 48/64 levels left

rFire    + . .     SeeInvis .   b - +3 war axe of the Gloaming {flame, *Slow +Fly rElec rPois}
rCold    + . .     Gourm    +   G - +2 large shield
rNeg     . . .     Faith    .   F - +3 plate armour {rF+}
rPois    +         Spirit   .   w - +2 helmet
rElec    +         Reflect  .   U - +1 cloak
rCorr    +         Harm     .   V - +2 pair of gloves {archery}
MR       +....                  P - +2 pair of boots of Ownen {Regen+ rCorr Str+2}
Stlth    ..........             B - amulet of Xom's Absentmindedness {Gourm +Fly}
HPRegen  0.79/turn              R - ring "Zemp" {rC+ MP+9 Str+5}
MPRegen  0.35/turn              Z - +5 ring of evasion

@: very slow
A: +LOS, swims, hooves 1, slowness 1, wild magic 1, strong legs 2
}: 2/15 runes: barnacled, gossamer
a: Hop, Bend Time, Temporal Distortion, Slouch, Step From Time, Renounce
Religion, Evoke Flight


You were on level 3 of the Depths.
You worshipped Cheibriados.
Cheibriados was exalted by your worship.
You were full.

You visited 8 branches of the dungeon, and saw 39 of its levels.
You visited the Abyss 1 time.

You collected 4687 gold pieces.
You spent 3108 gold pieces at shops.

Inventory:

Hand Weapons
 a - the +6 war axe "Bahas" {chop, Str+4}
   (You took it off a crimson imp on level 5 of the Dungeon)

   It inflicts extra damage upon your enemies.
   It affects your strength (+4).
 b - the +3 war axe of the Gloaming (weapon) {flame, *Slow +Fly rElec rPois}
   (You bought it in a shop on level 1 of the Orcish Mines)

   It has been specially enchanted to burn those struck by it, causing extra
   injury to most foes and up to half again as much damage against particularly
   susceptible opponents.
   Big, fiery blades are also staple armaments of hydra-hunters.
   It insulates you from electricity.
   It protects you from poison.
   It lets you fly.
   It may slow you when you take damage.
 c - a +3 antimagic war axe
 d - a +4 sacred scourge of holy wrath
 o - a +0 broad axe of chopping
 z - a +3 broad axe
 E - a +3 broad axe of venom
Missiles
 J - 22 poisoned javelins (quivered)
Armour
 s - a +1 chain mail of poison resistance
 w - a +2 helmet (worn)
 F - a +3 plate armour of fire resistance (worn)
 G - a +2 large shield (worn)
 P - the +2 pair of boots of Ownen (worn) {Regen+ rCorr Str+2}
   (You found it on level 9 of the Dungeon)

   It affects your strength (+2).
   It increases your rate of regeneration.
   It protects you from acid and corrosion.
 U - a +1 cloak (worn)
 V - a +2 pair of gloves of archery (worn)
Jewellery
 e - an uncursed ring of poison resistance
 h - an uncursed ring of protection from magic
 t - the ring of Iwaipa {rC- rN+ Str+4 Dex+2 Slay+2}
   (You found it on level 4 of the Shoals)

   [ring of dexterity]

   It affects your strength (+4).
   It affects your dexterity (+2).
   It affects your accuracy and damage with ranged weapons and melee attacks
   (+2).
   It makes you vulnerable to cold.
   It protects you from negative energy.
 B - the amulet of Xom's Absentmindedness (around neck) {Gourm +Fly}
   (You found it on level 1 of the Lair of Beasts)

   [amulet of the gourmand]

   It allows you to eat raw meat even when not hungry.
   It lets you fly.
 K - an uncursed ring of see invisible
 R - the ring "Zemp" (left hand) {rC+ MP+9 Str+5}
   (You found it on level 11 of the Dungeon)

   [ring of protection from cold]

   It affects your strength (+5).
   It protects you from cold.
   It affects your magic capacity (+9).
 T - an uncursed ring of protection from cold
 Y - an uncursed ring of protection from fire
 Z - a +5 ring of evasion (right hand)
Wands
 q - a wand of acid (8)
 u - a wand of clouds (13)
 y - a wand of disintegration (11)
Scrolls
 g - 5 scrolls of enchant armour
 i - 3 scrolls of identify
 j - 18 scrolls of teleportation
 k - a scroll of blinking
 l - 21 scrolls of remove curse
 m - 5 scrolls of enchant weapon
 A - 8 scrolls of amnesia
 L - a scroll of fear
 N - 6 scrolls of fog
 S - a scroll of summoning
 X - a scroll of silence
Potions
 n - 7 potions of brilliance
 p - 3 potions of curing
 r - 4 potions of haste
 v - 6 potions of cancellation
 x - 4 potions of flight
 D - 3 potions of invisibility
 H - 4 potions of might
 I - 3 potions of magic
 M - 5 potions of ambrosia
 O - 2 potions of berserk rage
 Q - 4 potions of resistance
 W - a potion of agility
Books
 C - a book of Enchantments

   Spells                             Type                      Level
   a - Cause Fear                     Hexes                        4
   b - Yara's Violent Unravelling     Hexes/Transmutation          5
   c - Silence                        Hexes/Air                    5
   d - Deflect Missiles               Charms/Air                   6
   e - Discord                        Hexes                        8
Comestibles
 f - 75 rations


   Skills:
 - Level 13.7 Fighting
 - Level 13.7 Axes
 - Level 13.7 Armour
 - Level 13.7 Dodging
 - Level 1.7 Stealth
 - Level 13.7 Shields
 + Level 21.3 Spellcasting
 + Level 21.7 Fire Magic
 - Level 7.1 Invocations


You had 48 spell levels left.
You knew the following spells:

 Your Spells              Type           Power        Failure   Level  Hunger
a - Freeze                Ice            ####         21%         1    None
b - Blink                 Tloc           N/A          30%         2    None
c - Conjure Flame         Conj/Fire      ########     1%          3    None
d - Apportation           Tloc           #####.       21%         1    None
e - Ignition              Fire           ########..   22%         8    ###....
f - Summon Butterflies    Summ           #####...     21%         1    None


Dungeon Overview and Level Annotations

Branches:
Dungeon (15/15)            Temple (1/1) D:4            Lair (6/6) D:11
 Shoals (4/4) Lair:4       Spider (4/4) Lair:4        Slime (0/5) Lair:5
    Orc (2/2) D:9             Elf (0/3) Orc:2        Vaults (4/5) D:13
  Crypt (0/3) Vaults:2     Depths (3/5) D:15

Altars:
Ashenzari
Cheibriados
Dithmenos
Elyvilon
Fedhas
Gozag
Hepliaklqana
Kikubaaqudgha
Makhleb
Nemelex Xobeh
Okawaru
Qazlal
Ru
Sif Muna
Trog
Uskayaw
Vehumet
Wu Jian
Xom
Yredelemnul
Zin
The Shining One
Jiyva

Shops:
D:9 (   D:13 !   Orc:1 }*%[(   Orc:2 }(:   Shoals:1 *   Vaults:1 }   Vaults:3 ?
Vaults:4 [

Portals:
Hell: Depths:1 Depths:2 Depths:3
Pandemonium: Depths:2
Ziggurat: Depths:2


Innate Abilities, Weirdness & Mutations

Shadows flee at your approach. (+LOS)
You can swim through water.
You cover ground slowly.
You can hop long distances.
You have large cloven feet.
Your spells are a little harder to cast, but a little more powerful.


Message History

You feel better. The frost giant completely misses you.
Your shield and plate armour prevent you from hitting the frost giant.
The frost giant is moderately wounded.
You block the frost giant's attack.
You hit the frost giant. You burn the frost giant.
The frost giant is moderately wounded.
You slash the frost giant! You burn the frost giant.
The frost giant is heavily wounded.
The frost giant closely misses you.
You hit the frost giant but do no damage.
The frost giant is heavily wounded.
You block the frost giant's attack.
You hit the frost giant. You burn the frost giant.
The frost giant is heavily wounded.
You are ready to hop once more.
You slash the frost giant! You burn the frost giant.
The frost giant is severely wounded.
The frost giant gestures at you while chanting.
The bolt of cold hits you! You resist.
You die...

#.###.......#........)[##.÷.#
#..#..#.##......####)##[#.#..
#⌠...⌠#..###..###.##.##...##.
###.####..[####..###.###.#...
#..####.[.....##..#..##..##
#.##.###.)...###.....###..#
#.#.#..###.###..#.#.## ###.
#.###....#.#...#.....# #...
#........C@..###..#..# #..#
#.###....###.# ###.### #.#.
#.#.#..####..# ... ####
#.##.####....# .#.# #.
#..####......# #.#.. #.
#.###........# . #.##8.
#............# ..###
#####........# # ###......# .


You could see a frost giant.

Vanquished Creatures
  Mennas (Vaults:4)
  Sojobo (Vaults:3)
  Frederick (Vaults:2)
  Saint Roka (Vaults:4)
  Nikola (Vaults:3)
  Arachne (Spider:4)
  Jorgrun (Vaults:4)
  A lich (Vaults:4)
  Rupert (Orc:2)
  Asterion (Vaults:1)
  A quicksilver dragon (Depths:2)
  The ghost of meatyocre the Brawler, an adept TrFi of Qazlal (Shoals:4)
  A titan (Vaults:4)
  Kirke (D:13)
  3 tentacled starspawn (Abyss:3)
  3 sphinxes
  3 krakens
  4 tengu reavers
  A storm dragon (Depths:3)
  Roxanne (D:15)
  Ilsuiw (Shoals:4)
  9 frost giants
  5 fire giants
  7 vault wardens
  An orc warlord (D:9)
  A deep elf sorcerer (Vaults:2)
  An iron dragon (Depths:2)
  2 ghost moths (Spider:4)
  Louise (Spider:4)
  Aizul (Spider:4)
  A ghoul (Vaults:2)
  5 emperor scorpions
  12 ironheart preservers
  8 very ugly things
  15 stone giants
  A deep elf demonologist (Vaults:1)
  2 entropy weavers
  2 spark wasps (Spider:4)
  A vampire knight (Vaults:2)
  2 deep elf annihilators
  A lorocyproca (Depths:2)
  5 ettins
  A minotaur (shapeshifter) (Depths:2)
  2 deep elf death magi
  5 merfolk impalers
  A jiangshi (Vaults:2)
  2 minotaurs (D:13)
  8 fire dragons
  5 merfolk javelineers
  Josephine (D:13)
  2 crystal guardians (Vaults:3)
  5 great orbs of eyes
  A deep elf high priest (Depths:3)
  11 yaktaur captains
  10 vault guards
  Erolcha (D:8)
  Fannar (Orc:1)
  10 ice dragons
  A hydra (shapeshifter) (Depths:1)
  5 rakshasas
  10 centaur warriors
  4 hydras
  Erica (D:9)
  5 merfolk aquamancers
  4 merfolk avatars
  50 two-headed ogres
  2 satyrs
  4 catoblepae (Lair:6)
  A satyr (shapeshifter) (Depths:2)
  5 deep troll shamans
  An alligator (shapeshifter) (Vaults:3)
  An alligator snapping turtle (Shoals:4)
  4 tengu warriors
  14 ogre magi
  15 death yaks
  9 deep troll earth magi
  A vampire mage (Depths:2)
  5 orc high priests (Orc:2)
  2 thrashing horrors (Abyss:3)
  5 deep elf knights
  Nergalle (Lair:3)
  A soul eater (Depths:2)
  3 spriggan berserkers (Depths:3)
  Urug (D:15)
  33 slime creatures
  2 wretched stars (Abyss:3)
  An iron troll (Depths:1)
  7 hell knights
  2 shadow wraiths
  12 sea snakes
  2 unseen horrors
  2 infernal demonspawn (Depths:2)
  6 wizards
  A glowing orange brain (Depths:1)
  18 deep trolls
  2 flayed ghosts
  9 deep elf archers
  13 ironbrand convokers
  5 necromancers
  A phantasmal warrior (Vaults:4)
  22 wolf spiders
  8 oklob plants
  The ghost of Shadowablaze the Cleaver, a novice MiBe of Trog (D:6)
  A stone giant zombie (Vaults:3)
  13 harpies
  16 orc knights
  32 ugly things
  4 cyclopes
  A human zombie (Vaults:3)
  7 deep elf magi (Vaults:2)
  13 manticores
  2 orc sorcerers
  23 orb spiders
  6 fauns
  4 moths of wrath
  2 black mambas (Lair:6)
  A guardian serpent (Abyss:3)
  4 elephants
  6 water nymphs
  A rust devil (Depths:2)
  An eye of devastation (Depths:2)
  7 merfolk sirens
  3 gargoyles
  3 torpor snails
  9 vault sentinels
  10 spiny frogs
  3 rime drakes
  6 freezing wraiths
  7 komodo dragons
  A rime drake (shapeshifter) (Vaults:1)
  56 yaktaurs
  A hellwing (Abyss:3)
  17 demonic crawlers
  A yaktaur skeleton (Vaults:3)
  3 meliai (shapeshifter)
  A troll (shapeshifter) (Depths:3)
  A polar bear (Lair:5)
  5 tengu conjurers
  29 jumping spiders
  An ancient zyme (Abyss:3)
  3 meliai (Lair:6)
  5 wind drakes
  A queen bee (Lair:6)
  13 hornets
  9 trolls
  26 merfolk
  A hippogriff (shapeshifter) (D:15)
  A raiju (shapeshifter) (D:10)
  9 dream sheep
  Prince Ribbit (D:9)
  13 snapping turtles
  16 hippogriffs
  A centaur simulacrum (D:15)
  3 air elementals (Depths:2)
  Sigmund (D:2)
  30 tarantellas
  87 redbacks
  A spriggan (shapeshifter) (Depths:1)
  13 water elementals
  2 human simulacra
  4 wraiths (D:13)
  A vampire (D:10)
  13 starcursed masses (Abyss:3)
  2 wyverns
  4 hogs (D:13)
  62 yaks
  3 basilisks
  A basilisk (shapeshifter) (Depths:1)
  A fire bat (Abyss:3)
  A steam dragon (Shoals:4)
  Grum (D:8)
  13 vampire mosquitoes
  2 wargs (shapeshifter)
  3 hungry ghosts
  3 large abominations (Abyss:3)
  A soldier ant (shapeshifter) (Vaults:4)
  10 wargs
  2 acid dragons
  A soldier ant (D:11)
  A floating eye (Depths:2)
  9 porcupines
  12 water moccasins
  2 sky beasts
  10 ice beasts
  56 orc warriors
  2 eyes of draining
  5 black bears
  An elf zombie (Vaults:3)
  2 phantoms
  An ettin simulacrum (Vaults:2)
  33 ogres
  12 wolves
  A necrophage (D:13)
  3 boggarts
  21 centaurs
  18 crocodiles
  2 big kobolds
  18 bullfrogs
  A wyvern zombie (D:8)
  A gnoll sergeant (D:12)
  A scorpion (D:9)
  A small abomination (Abyss:3)
  21 killer bees (Lair:6)
  6 howler monkeys
  12 wights
  7 electric eels
  10 crimson imps
  5 quasits
  A bullfrog zombie (D:13)
  2 centaur zombies
  7 jellies
  4 centaur skeletons
  A gnoll shaman (Orc:2)
  24 orc priests
  5 bullfrog skeletons
  7 hounds
  21 orc wizards
  An iron imp (Depths:2)
  5 worker ants
  Terence (D:2)
  6 hell rats (Lair:4)
  2 iguanas
  2 hound zombies
  3 hound skeletons
  A worker ant zombie (D:8)
  20 adders
  21 gnolls
  A howler monkey skeleton (D:5)
  3 shadow imps
  A white imp (D:5)
  2 ufetubi (Depths:2)
  2 oozes
  An adder skeleton (D:4)
  A worm (D:5)
  A dart slug (D:2)
  3 leopard geckos
  135 orcs
  9 giant cockroaches
  9 goblins
  5 hobgoblins
  10 jackals
  10 kobolds
  3 quokkas
  3 ball pythons
  5 bats
  4 frilled lizards
  A leopard gecko skeleton (D:5)
  A quokka skeleton (D:4)
  4 rats
  A butterfly (D:9)
  5 fungi
  16 plants
  3 starspawn tentacles (Abyss:3)
  5 tentacles
1798 creatures vanquished.

Vanquished Creatures (collateral kills)
  A sphinx (Vaults:1)
  A stone giant (Vaults:1)
  An entropy weaver (Vaults:1)
  A yaktaur (Vaults:1)
4 creatures vanquished.

Vanquished Creatures (others)
  A frost giant (Depths:3)
  A rakshasa (Depths:2)
  2 two-headed ogres (Depths:1)
  A spriggan air mage (Depths:2)
  A centaur warrior (Vaults:3)
  An unseen horror (shapeshifter) (Depths:3)
  A worldbinder (Abyss:3)
  A vault sentinel (Vaults:3)
  A yaktaur (Vaults:3)
  A jumping spider (Spider:4)
  A redback (Spider:4)
  A water elemental (Depths:1)
  A chaos spawn (Abyss:3)
  An orc warrior (Vaults:4)
  A boggart (shapeshifter) (Vaults:3)
  A boggart (Vaults:2)
  2 ogres
  A centaur (Shoals:4)
  An orc priest (Orc:2)
  A worker ant (D:13)
  10 fungi
  29 plants
  5 starspawn tentacles (Abyss:3)
  15 tentacles
81 creatures vanquished.

Grand Total: 1883 creatures vanquished

Notes
Turn   | Place    | Note
-------+----------+-------------------------------------------
     0 | D:1      | shenanigans the Barachi Monk began the quest for the Orb.
     0 | D:1      | Reached XP level 1. HP: 18/18 MP: 1/1
   232 | D:1      | Reached XP level 2. HP: 21/25 MP: 2/2
   255 | D:1      | Reached skill level 1 in Armour
   713 | D:2      | Reached XP level 3. HP: 30/30 MP: 3/3
   768 | D:2      | Noticed Terence
   780 | D:2      | Gained mutation: You have large cloven feet. [potion of mutation]
   780 | D:2      | Gained mutation: Your spells are a little harder to cast, but a little more powerful. [potion of mutation]
   796 | D:2      | Killed Terence
   796 | D:2      | Reached XP level 4. HP: 34/37 MP: 4/4
   815 | D:2      | Noticed Sigmund
  1274 | D:2      | Killed Sigmund
  1274 | D:2      | Reached skill level 5 in Fighting
  1274 | D:2      | Reached XP level 5. HP: 44/44 MP: 5/5
  1274 | D:2      | Reached XP level 6. HP: 51/51 MP: 6/6
  1575 | D:3      | Found a stormy altar of Qazlal.
  2478 | D:4      | Reached skill level 5 in Axes
  2478 | D:4      | Reached skill level 5 in Dodging
  2478 | D:4      | Reached XP level 7. HP: 52/56 MP: 7/7
  3198 | D:4      | Found a staircase to the Ecumenical Temple.
  3278 | Temple   | Entered the Ecumenical Temple
  3333 | Temple   | Became a worshipper of Cheibriados the Contemplative
  3333 | Temple   | Reached * piety under Cheibriados
  3333 | Temple   | Reached ** piety under Cheibriados
  3430 | D:4      | Found a shattered altar of Ashenzari.
  3452 | D:4      | Found a bloodstained altar of Trog.
  3638 | D:5      | Entered Level 5 of the Dungeon
  3662 | D:5      | Reached XP level 8. HP: 61/65 MP: 8/8
  3677 | D:5      | Reached skill level 5 in Armour
  3677 | D:5      | Reached skill level 1 in Invocations
  3853 | D:5      | Found a shadowy altar of Dithmenos.
  4002 | D:5      | Got a twisted war axe {chop}
  4003 | D:5      | Identified the +6 war axe "Bahas" {chop, Str+4} (You took it off a crimson imp on level 5 of the Dungeon)
  4306 | D:5      | Reached *** piety under Cheibriados
  4771 | D:6      | Reached XP level 9. HP: 72/72 MP: 9/11
  4941 | D:6      | Noticed Shadowablaze's ghost (novice MiBe)
  4989 | D:6      | Killed Shadowablaze's ghost
  5671 | D:7      | Reached **** piety under Cheibriados
  5711 | D:7      | Got a jewelled hand axe
  5755 | D:7      | Identified the +6 hand axe of the Spider Nest {pain, rPois Dex+2} (You found it on level 7 of the Dungeon)
  5798 | D:7      | Found a white marble altar of Elyvilon.
  5871 | D:7      | Found a blossoming altar of Fedhas.
  5872 | D:7      | Found an ancient bone altar of Kikubaaqudgha.
  6343 | D:8      | Noticed a two-headed ogre
  6352 | D:8      | Killed a two-headed ogre
  6352 | D:8      | Reached XP level 10. HP: 82/82 MP: 13/13
  6732 | D:9      | Noticed Erolcha
  6732 | D:9      | Noticed Grum
  6744 | D:8      | Killed Erolcha
  6744 | D:8      | Reached skill level 5 in Invocations
  7113 | D:8      | Killed Grum
  7474 | D:9      | Noticed Prince Ribbit
  7483 | D:9      | Killed Prince Ribbit
  7483 | D:9      | Reached skill level 1 in Shields
  7518 | D:9      | Noticed Erica
  7528 | D:9      | Killed Erica
  7528 | D:9      | Reached skill level 10 in Fighting
  7528 | D:9      | Reached XP level 11. HP: 72/90 MP: 14/14
  7615 | D:9      | Got a pair of fine boots
  7621 | D:9      | Identified the +2 pair of boots of Ownen {Regen+ rCorr Str+2} (You found it on level 9 of the Dungeon)
  7693 | D:9      | Reached ***** piety under Cheibriados
  7861 | D:9      | Found a radiant altar of Vehumet.
  8009 | D:9      | Found a shimmering altar of Xom.
  8018 | D:9      | Found a staircase to the Orcish Mines.
  8199 | D:9      | Found a glowing golden altar of the Shining One.
  8453 | D:9      | Found Estibbom's Weapon Emporium.
  8575 | D:9      | Learned a level 1 spell: Freeze
  8578 | D:9      | Learned a level 2 spell: Blink
  8582 | D:9      | Learned a level 3 spell: Conjure Flame
  8615 | D:10     | Entered Level 10 of the Dungeon
  9039 | D:10     | Reached skill level 1 in Spellcasting
  9590 | D:10     | Killed an unseen horror
  9590 | D:10     | Reached skill level 5 in Shields
  9734 | D:10     | Reached ****** piety under Cheibriados
  9991 | D:11     | Found a staircase to the Lair.
 10238 | D:11     | Reached skill level 10 in Armour
 10267 | D:11     | Noticed a white ugly thing
 10274 | D:11     | Killed a white ugly thing
 10274 | D:11     | Reached XP level 12. HP: 55/99 MP: 15/15
 10528 | D:11     | Got a heavily runed ivory ring
 10577 | D:11     | Identified the ring "Zemp" {rC+ MP+9 Str+5} (You found it on level 11 of the Dungeon)
 11147 | D:11     | Reached skill level 10 in Axes
 11237 | Lair:1   | Entered Level 1 of the Lair of Beasts
 11264 | Lair:1   | Got a clouded diamond amulet
 11276 | Lair:1   | Reached skill level 10 in Dodging
 11284 | Lair:1   | Identified the amulet of Xom's Absentmindedness {Gourm +Fly} (You found it on level 1 of the Lair of Beasts)
 13870 | Lair:3   | Noticed Nergalle
 13877 | Lair:3   | Killed Nergalle
 14407 | Lair:4   | Noticed a death yak
 14409 | Lair:4   | Noticed a death yak
 14419 | Lair:3   | Killed a death yak
 14419 | Lair:3   | Gained mutation: You can hop long distances. [Barachi growth]
 14419 | Lair:3   | Reached XP level 13. HP: 95/106 MP: 20/20
 14529 | Lair:4   | Reached skill level 5 in Spellcasting
 15118 | Lair:4   | Found a staircase to the Shoals.
 15228 | Lair:4   | Found a hole to the Spider Nest.
 15724 | Lair:5   | Found a runed door.
 15726 | Lair:5   | Found a viscous altar of Jiyva.
 15994 | Lair:5   | Found a staircase to the Slime Pits.
 16130 | Lair:6   | Entered Level 6 of the Lair of Beasts
 16140 | Lair:5   | Reached skill level 10 in Shields
 16462 | Lair:6   | Reached XP level 14. HP: 72/116 MP: 23/23
 18425 | Orc:1    | Entered Level 1 of the Orcish Mines
 18427 | Orc:1    | Noticed an orc warlord
 18456 | D:9      | Killed an orc warlord
 18479 | Orc:1    | Found Uhoumets's Food Emporium.
 18491 | Orc:1    | Found Wekes's Assorted Antiques.
 18503 | Orc:1    | Bought a scroll labeled QINELE SIOTOHAMM for 29 gold pieces
 18503 | Orc:1    | Bought a scroll labeled YTELIGRI KUGEA for 29 gold pieces
 18503 | Orc:1    | Bought a scroll of identify for 58 gold pieces
 18607 | Orc:1    | Identified a scroll of acquirement
 19024 | Orc:1    | Found Igikuq's Gadget Shop.
 19125 | Orc:1    | Found Iqyurr's Antique Armour Shoppe.
 19141 | Orc:1    | Noticed Fannar
 19151 | Orc:1    | Killed Fannar
 19174 | Orc:1    | Found Jeurchak's Antique Weapon Boutique.
 19184 | Orc:1    | Bought a brightly glowing war axe for 263 gold pieces
 19184 | Orc:1    | Identified the +3 war axe of the Gloaming {flame, *Slow +Fly rElec rPois} (You bought it in a shop on level 1 of the Orcish Mines)
 19305 | Orc:2    | Entered Level 2 of the Orcish Mines
 19338 | Orc:2    | Noticed Rupert
 19352 | Orc:2    | Killed Rupert
 19352 | Orc:2    | Reached XP level 15. HP: 70/123 MP: 20/26
 19436 | Orc:2    | Found a staircase to the Elven Halls.
 20120 | Orc:2    | Found Doloix's Antique Weapon Shop.
 20160 | Orc:2    | Found Ariuryob's Weapon Shop.
 20161 | Orc:2    | Found Poti's Book Shop.
 20161 | Orc:2    | Found Kugux's Gadget Boutique.
 20356 | Orc:1    | Bought a shiny helmet for 187 gold pieces
 20427 | Orc:1    | Bought a wand of clouds (6) for 390 gold pieces
 20795 | D:12     | Reached skill level 1 in Fire Magic
 21291 | D:13     | Reached XP level 16. HP: 126/130 MP: 29/29
 21324 | D:13     | Got a bloodstained war axe
 21335 | D:13     | Identified the +4 war axe of Context {speed, rElec MR+ Stlth+} (You found it on level 13 of the Dungeon)
 21419 | D:13     | Noticed Josephine
 21457 | D:13     | Killed Josephine
 21510 | D:13     | Found a blossoming altar of Fedhas.
 21660 | D:13     | Noticed Kirke
 21849 | D:13     | Killed Kirke
 21898 | D:13     | Found a gate to the Vaults.
 21913 | D:13     | Found Heixot's Distillery.
 21929 | D:13     | Bought a potion of degeneration for 19 gold pieces
 21929 | D:13     | Bought a potion of berserk rage for 95 gold pieces
 21929 | D:13     | Bought a potion of heal wounds for 95 gold pieces
 21929 | D:13     | Bought a potion of agility for 76 gold pieces
 23010 | D:15     | Entered Level 15 of the Dungeon
 23094 | D:15     | Reached skill level 5 in Fire Magic
 23134 | D:15     | Found a staircase to the Depths.
 23199 | D:15     | Found a white marble altar of Elyvilon.
 23476 | D:15     | Noticed Urug
 23489 | D:15     | Killed Urug
 23624 | D:15     | Noticed Roxanne
 23716 | D:15     | Killed Roxanne
 23716 | D:15     | Reached skill level 10 in Spellcasting
 23919 | Spider:1 | Entered Level 1 of the Spider Nest
 24820 | Spider:2 | Reached XP level 17. HP: 131/138 MP: 31/31
 26762 | Spider:4 | Entered Level 4 of the Spider Nest
 27124 | Spider:4 | Noticed Aizul
 27145 | Spider:4 | Killed Aizul
 27145 | Spider:4 | Reached skill level 10 in Fire Magic
 27667 | Spider:4 | Noticed Arachne
 27703 | Spider:4 | Killed Arachne
 27995 | Spider:4 | Noticed Louise
 28002 | Spider:4 | Cast into level 3 of the Abyss (Louise)
 28051 | Abyss:3  | Noticed a tentacled starspawn
 28064 | Abyss:3  | Killed a tentacled starspawn
 28065 | Abyss:3  | Reached XP level 18. HP: 145/145 MP: 35/35
 28163 | Abyss:3  | Noticed a bone dragon
 28393 | Abyss:3  | Found a corrupted altar of Lugonu.
 28509 | Abyss:3  | Found a corrupted altar of Lugonu.
 28681 | Spider:4 | Escaped the Abyss
 28748 | Spider:4 | Killed Louise
 29399 | Spider:4 | Got a gossamer rune of Zot
 29766 | Shoals:1 | Entered Level 1 of the Shoals
 30288 | Shoals:1 | Found Gifajuf's Assorted Antiques.
 30289 | Shoals:1 | Identified Kiefiyr's Compendium of Quantum Envenoming
 30313 | Shoals:1 | Bought a potion of heal wounds for 145 gold pieces
 31637 | Shoals:3 | Learned a level 1 spell: Apportation
 32150 | Shoals:4 | Entered Level 4 of the Shoals
 32244 | Shoals:4 | Noticed meatyocre's ghost (adept TrFi)
 32281 | Shoals:4 | Killed meatyocre's ghost
 32458 | Shoals:4 | Reached XP level 19. HP: 147/151 MP: 37/37
 32494 | Shoals:4 | Noticed Ilsuiw
 32523 | Shoals:4 | Reached skill level 15 in Spellcasting
 32640 | Shoals:4 | Killed Ilsuiw
 33206 | Shoals:4 | Got a barnacled rune of Zot
 33251 | Shoals:4 | Got a clouded graven amulet
 33303 | Shoals:4 | Got a flickering iron ring
 33537 | Shoals:4 | Identified the amulet of Idinoimor {Harm *Drain rN+} (You took it off a merfolk on level 4 of the Shoals)
 33538 | Shoals:4 | Identified the ring of Iwaipa {rC- rN+ Str+4 Dex+2 Slay+2} (You found it on level 4 of the Shoals)
 33716 | Vaults:1 | Entered Level 1 of the Vaults
 33786 | Vaults:1 | Noticed Asterion
 33804 | Vaults:1 | Killed Asterion
 33811 | Vaults:1 | Found Qitt's Gadget Emporium.
 33992 | Vaults:1 | Reached skill level 15 in Fire Magic
 34015 | Vaults:1 | Paralysed by a sphinx for 3 turns
 34049 | Vaults:1 | Learned a level 8 spell: Ignition
 34219 | Vaults:1 | Noticed an Ice Fiend
 35436 | Vaults:2 | Noticed Frederick
 35444 | Vaults:2 | Reached XP level 20. HP: 124/158 MP: 40/40
 35466 | Vaults:2 | Killed Frederick
 35988 | Vaults:2 | Found a staircase to the Crypt.
 37224 | Vaults:2 | Reached XP level 21. HP: 124/164 MP: 40/43
 38328 | Vaults:3 | Found Emizeriu's Magic Scroll Shop.
 38329 | Vaults:3 | Noticed Nikola
 38345 | Vaults:3 | Killed Nikola
 38530 | Vaults:3 | Bought a scroll of teleportation for 57 gold pieces
 38530 | Vaults:3 | Bought a scroll of identify for 38 gold pieces
 39109 | Vaults:3 | Noticed Sojobo
 39486 | Vaults:3 | Killed Sojobo
 40012 | Vaults:4 | Got a scorched spear
 40013 | Vaults:4 | Identified the +5 spear "Vaciaklo" {pierce, rPois Dex+4} (You found it on level 4 of the Vaults)
 40160 | Vaults:4 | Noticed Jorgrun
 40181 | Vaults:4 | Killed Jorgrun
 40376 | Vaults:4 | Noticed Mennas
 40434 | Vaults:4 | Killed Mennas
 40672 | Vaults:4 | Noticed Saint Roka
 40694 | Vaults:4 | Killed Saint Roka
 40893 | Vaults:4 | Reached XP level 22. HP: 158/171 MP: 45/45
 41241 | Vaults:4 | Found Wiloot's Antique Armour Emporium.
 41249 | Vaults:4 | Bought a faintly humming plate armour for 980 gold pieces
 41249 | Vaults:4 | Bought a faintly glowing chain mail for 332 gold pieces
 41252 | Vaults:4 | Identified the cursed +1 chain mail of Laoduos {Dex+6} (You bought it in a shop on level 4 of the Vaults)
 41253 | Vaults:4 | Identified the +5 plate armour of Entitlement {rF+ rC- SInv} (You bought it in a shop on level 4 of the Vaults)
 41982 | Vaults:4 | Got a scorched lead ring
 42027 | Vaults:4 | Identified the ring of Quogeet {*Corrode rPois Str+3 Stlth+} (You acquired it on level 4 of the Vaults)
 42205 | Depths:1 | Entered Level 1 of the Depths
 42429 | Depths:1 | Paralysed by an ogre mage for 3 turns
 42626 | Depths:1 | Found a gateway to Hell.
 42648 | Depths:1 | Paralysed by a great orb of eyes for 3 turns
 43122 | Depths:1 | Found a snail-covered altar of Cheibriados.
 43124 | Depths:1 | Found a basalt altar of Yredelemnul.
 43124 | Depths:1 | Found an ornate altar of the Wu Jian Council.
 43125 | Depths:1 | Found a blossoming altar of Fedhas.
 43125 | Depths:1 | Found a shimmering altar of Xom.
 43125 | Depths:1 | Found a shimmering altar of Xom.
 43595 | Lair:6   | Got an encrusted ring mail
 43596 | Lair:6   | Identified the +2 ring mail of Eternal Vigilance {rPois rF+ Int-4} (You found it on level 6 of the Lair of Beasts)
 43862 | Vaults:4 | Bought a crude ring mail for 315 gold pieces
 43868 | Vaults:4 | Identified the cursed +0 ring mail of the Leaf {+Blink rC+ MR- Str+2} (You bought it in a shop on level 4 of the Vaults)
 44105 | Depths:2 | Found a gateway to a ziggurat.
 44106 | Depths:2 | Paralysed by a floating eye for 4 turns
 44111 | Depths:2 | Paralysed by a floating eye for 3 turns
 44116 | Depths:2 | Paralysed by a floating eye for 4 turns
 44123 | Depths:2 | Paralysed by a floating eye for 2 turns
 44126 | Depths:2 | Paralysed by a floating eye for 4 turns
 44130 | Depths:2 | Paralysed by a floating eye for 2 turns
 44134 | Depths:2 | Paralysed by a floating eye for 2 turns
 44137 | Depths:2 | Paralysed by a floating eye for 4 turns
 44470 | Depths:2 | Paralysed by a floating eye for 3 turns
 44475 | Depths:2 | Paralysed by a floating eye for 2 turns
 44481 | Depths:2 | Paralysed by a floating eye for 3 turns
 44799 | Depths:2 | Got a coiled brass ring
 45206 | Depths:2 | Found a one-way gate leading to the halls of Pandemonium.
 45809 | Depths:2 | Reached XP level 23. HP: 144/177 MP: 47/47
 45998 | Depths:2 | Identified the ring of Dawn {+Blink MR- AC+5 Int-5 Dex+7} (You took it off a deep elf annihilator on level 2 of the Depths)
 46241 | Depths:2 | Learned a level 1 spell: Summon Butterflies
 47142 | Depths:3 | Got a bloodstained buckler
 47143 | Depths:3 | Identified the cursed +0 buckler "Oxulen" {Dex+2} (You took it off a deep elf high priest on level 3 of the Depths)
 47591 | Depths:3 | HP: 5/177 [sphinx/divine providence (14)]
 47604 | Depths:3 | Noticed a caustic shrike
 47630 | Depths:3 | Killed from afar by a frost giant

Skill      XL: |  1  2  3  4  5  6  7  8  9 10 11 12 13 14 15 16 17 18 19 20 21 22 23 |
---------------+----------------------------------------------------------------------+-----
Armour         | 1 3 4 6 7 9 10 11 12 13 | 13.7
Fighting       | 4 5 6 7 8 10 11 12 13 | 13.7
Axes           | 4 5 6 8 9 10 11 12 13 | 13.7
Dodging        | 4 5 6 8 9 10 11 12 13 | 13.7
Invocations    | 2 4 5 6 7 |  7.1
Shields        | 2 6 8 10 12 13 | 13.7
Spellcasting   | 2 4 6 7 9 10 13 14 16 18 19 20 21 | 21.3
Fire Magic     | 3 7 11 13 15 17 19 21 | 21.7
Stealth        | |  1.7

Action                   |  1- 3 |  4- 6 |  7- 9 | 10-12 | 13-15 | 16-18 | 19-21 | 22-24 || total
-------------------------+-------+-------+-------+-------+-------+-------+-------+-------++-------
Melee: Hand axe          |    67 |   101 |    98 |       |       |       |       |       ||   266
       Kick              |       |    12 |    85 |    42 |       |       |       |       ||   139
       War axe           |       |       |   126 |   560 |   971 |  1755 |  1494 |  1113 ||  6019
       Scimitar          |       |       |       |       |    22 |       |       |       ||    22
Throw: Javelin           |       |       |       |       |       |    94 |     7 |       ||   101
 Cast: Ignition          |       |       |       |       |       |       |       |     3 ||     3
Invok: Slouch            |       |       |       |       |     1 |       |    13 |     6 ||    20
       Step From Time    |       |       |       |       |       |       |       |     1 ||     1
 Abil: Hop               |     1 |       |       |     3 |     3 |     2 |     5 |     4 ||    18
Evoke: Wand              |       |     1 |     5 |     7 |     3 |       |       |     8 ||    24
  Use: Potion            |     3 |     1 |     1 |     1 |       |     6 |    13 |     4 ||    29
       Scroll            |       |       |     5 |     4 |    11 |    14 |    13 |    18 ||    65
 Stab: Paralysed         |       |     3 |     5 |     5 |       |       |       |       ||    13
       Distracted        |       |       |       |       |       |     1 |     3 |     2 ||     6
  Eat: Chunk             |       |     2 |     9 |    18 |    23 |    23 |    25 |    14 ||   114
       Ration            |       |     1 |       |       |       |       |       |       ||     1
Armor: Ring mail         |    41 |     3 |       |       |       |       |       |       ||    44
       Skin              |     5 |    15 |     2 |       |       |       |       |       ||    22
       Chain mail        |       |    54 |       |       |       |       |       |       ||    54
       Plate armour      |       |    10 |   128 |   404 |   279 |   552 |   452 |   303 ||  2128
Dodge: Dodged            |    67 |    43 |   131 |   524 |   603 |  1318 |  1030 |   782 ||  4498
Block: Buckler           |       |       |       |    73 |       |       |       |       ||    73
       Shield            |       |       |       |   108 |       |       |       |       ||   108
       Large shield      |       |       |       |   302 |  1388 |  2770 |  2146 |  1463 ||  8069
       Rpst.: Scimitar   |       |       |       |       |     3 |       |       |       ||     3
